 Dungeon Crawl Stone Soup version 0.26-b1-32-g5d43845318 (webtiles) character file.

Game seed: 1222206121809662518

6603 sanka the Carver (level 10, -9/85 HPs)
             Began as a Mummy Arcane Marksman on Jan 10, 2021.
             Was an Initiate of Gozag.
             Mangled by a manticore (19 damage)
             ... on level 11 of the Dungeon.
             The game lasted 00:27:48 (14380 turns).

sanka the Carver (Mummy Arcane Marksman)           Turns: 14380, Time: 00:27:49

Health: -9/85      AC: 12    Str: 16    XL:     10   Next: 71%
Magic:  12/12      EV:  7    Int: 14    God:    Gozag
Gold:   442        SH:  0    Dex: 12    Spells: 10/11 levels left

rFire    x x .     SeeInvis +   a - +3 great sword (elec)
rCold    + + .     Faith    .   (shield currently unavailable)
rNeg     + + +     Spirit   .   h - +0 chain mail
rPois    ∞         Reflect  .   n - +0 helmet
rElec    .         Harm     .   w - scarf {shadows}
rCorr    .         Rampage  +   t - +0 pair of gloves
Will     +....                  C - +0 pair of boots {rampage}
Stlth    ..........             (no amulet)
HPRegen  0.24/turn              A - ring of ice
MPRegen  0.13/turn              z - ring of see invisible

@: no status effects
A: no potions, fire vulnerability, cold resistance 1, negative energy resistance
3, torment resistance, unbreathing
a: Renounce Religion, Potion Petition, Call Merchant, Bribe Branch


You were on level 11 of the Dungeon.
You worshipped Gozag.
Gozag was aware of your devotion.
You visited 2 branches of the dungeon, and saw 11 of its levels.
You also visited: Ossuary.

You collected 1935 gold pieces.
You spent 1426 gold pieces at shops.
You paid 67 gold pieces to Gozag.


Innate Abilities, Weirdness & Mutations

You do not drink.
Your flesh is vulnerable to fire.
You are immune to poison.
Your flesh is cold resistant. (rC+)
You are immune to negative energy. (rN+++)
You are immune to unholy pain and torment.
You can survive without breathing.


   Skills:
 - Level 10.1 Fighting
 * Level 10.3 Long Blades
 - Level 2.0 Crossbows
 - Level 2.6 Armour
 - Level 1.5 Dodging
 - Level 1.3 Spellcasting
 - Level 2.6 Hexes


You had 10 spell levels left.
You knew the following spells:

 Your Spells              Type           Power        Failure   Level
Z - Corona                Hex            4%           83%         1

Your spell library contained the following spells:

 Spells                   Type           Power        Failure   Level
 Slow                     Hex            4%           92%         2
 Ensorcelled Hibernation  Hex/Ice        8%           98%         2
 Foxfire                  Conj/Fire      0%           99%         1
 Confusing Touch          Hex            4%           99%         3
 Tukima's Dance           Hex            4%           99%         3
 Conjure Flame            Conj/Fire      0%           100%        3
 Dazzling Flash           Conj/Hex       4%           100%        3
 Inner Flame              Hex/Fire       2%           100%        3
 Portal Projectile        Hex/Tloc       4%           100%        3
 Cause Fear               Hex            2%           100%        4
 Leda's Liquefaction      Hex/Erth       1%           100%        4
 Sticky Flame             Conj/Fire      0%           100%        4
 Fireball                 Conj/Fire      0%           100%        5

Inventory:

Hand Weapons
 a - a +3 great sword of electrocution (weapon)
 b - the +7 hand crossbow "Voahoo" {elec, *Drain rElec rF++ Stlth+}

   It charges the ammunition it shoots with electricity; occasionally upon a
   hit, such missiles may discharge and cause terrible harm.
   It greatly protects you from fire.
   It insulates you from electricity.
   It causes draining when unequipped.
   It makes you more stealthy.
 x - a +2 dagger of venom
Missiles
 d - 54 bolts
 e - 79 poisoned darts
Armour
 h - a +0 chain mail (worn)
 n - a +0 helmet (worn)
 t - a +0 pair of gloves (worn)
 w - a scarf of shadows (worn)
 y - the +2 leather armour of Precision Catastrophes {Str+3 Int+2 Dex+3}

   It affects your strength (+3).
   It affects your intelligence (+2).
   It affects your dexterity (+3).
 C - a +0 pair of boots of rampaging (worn)
Jewellery
 k - an uncursed ring of magical power
 r - an uncursed ring of stealth
 z - a ring of see invisible (right hand)
 A - a ring of ice (left hand)
Wands
 p - a wand of polymorph (8)
 u - a wand of enslavement (8)
 E - a wand of paralysis (10)
Scrolls
 c - 8 scrolls of identify {@r1}
 f - 2 scrolls of fog
 g - 3 scrolls of blinking
 i - a scroll of vulnerability {!r}
 j - 9 scrolls of remove curse
 l - a scroll of enchant weapon
 m - a scroll of amnesia
 o - 5 scrolls of teleportation {@r4}
 s - a scroll of summoning
 v - a scroll of fear
 B - a scroll of enchant armour

Dungeon Overview and Level Annotations

Branches:
Dungeon (9/15)             Temple (1/1) D:4            Lair (0/6) D:8
    Orc (0/2) D:11        Ossuary (visited)

Altars:
Ashenzari
Cheibriados
Dithmenos
Elyvilon
Fedhas
Gozag
Hepliaklqana
Kikubaaqudgha
Makhleb
Nemelex Xobeh
Okawaru
Qazlal
Ru
Sif Muna
Trog
Uskayaw
Vehumet
Wu Jian
Xom
Yredelemnul
Zin
The Shining One

Shops:
D:4 ?*:   D:5 ( D:6

}
▒...........
▒...........
▒....▒▒▒▒▒..
▒▒▒....▒▒ .
▒.......▒
▒.......▒
▒.......▒
▒.......▒
▒...M...▒
▒...H...▒
▒.......▒
▒▒▒▒▒▒▒▒▒


You could see a manticore.


Message History

You slash the manticore!
The manticore is moderately wounded.
The manticore bites you!
* * * LOW HITPOINT WARNING * * *
The manticore claws you but does no damage.
The manticore claws you but does no damage.
You slash the manticore!
The manticore is heavily wounded.
You carefully extract the barbed spikes from your body.
The manticore bites you!
* * * LOW HITPOINT WARNING * * *
The manticore claws you.
* * * LOW HITPOINT WARNING * * *
The manticore claws you.
* * * LOW HITPOINT WARNING * * *
You slash the manticore!
The manticore is severely wounded.
The manticore bites you!
* * * LOW HITPOINT WARNING * * *
The manticore claws you!
* * * LOW HITPOINT WARNING * * *
The manticore claws you but does no damage.
Your chain mail prevents you from hitting the manticore.
The manticore is severely wounded.
The manticore bites you but does no damage.
The manticore claws you but does no damage.
The manticore claws you but does no damage.
The manticore bites you!!
You die...
Your body crumbles into a pile of gold.

Action                   |  1- 3 |  4- 6 |  7- 9 | 10-12 || total
-------------------------+-------+-------+-------+-------++-------
Melee: Unarmed           |    20 |       |       |       ||    20
       Dagger            |    72 |   179 |   267 |       ||   518
       Hand axe          |    40 |       |       |       ||    40
       Great sword       |       |       |   240 |   118 ||   358
 Fire: Hand crossbow     |    16 |    57 |    24 |     3 ||   100
  Use: Scroll            |       |       |     8 |     3 ||    11
 Stab: Distracted        |       |       |     2 |     1 ||     3
Armor: Robe              |     3 |       |       |       ||     3
       Chain mail        |    73 |   128 |   411 |   123 ||   735
Dodge: Dodged            |    46 |    57 |   221 |    79 ||   403
       Rpst.: Great sword |       |       |    26 |    12 ||    38

Levels and vault maps discovered:
D:1:      scummos_arrival_simple_fountains, layout_rooms,
          minmay_misc_feat_diagonals
D:2:      layout_basic
D:3:      layout_basic, eat_drink_and_be_merry_uskayaw, grunt_ministairs_14,
          uniq_robin
D:4:      layout_basic, minmay_temple_entry_tees, serial_shops, shop, shop,
          shop, minmay_divided_ellipse
D:5:      layout_basic, kiku_gazebo_pond_becter, overflow_temple_1_default,
          serial_shops, nicolae_shop_waterfront, grunt_decor_junction,
          minmay_fractal_squares_diagonal_5, uniq_duvessa
D:6:      layout_gridville, kennysheep_little_box, serial_shops, shop,
          roderic_st_hans_cross
D:7:      layout_cave_pools, kennysheep_ying_yang, elyvilon_altar_3
D:8:      layout_loops_ring, gammafunk_temple_overflow_wave, minitemple,
          david_lair_shrubbed, enter_ossuary_2, st_stairs_12
D:9:      layout_small_grid, overflow_temple_1_default, lemuel_doored_altar,
          uniq_psyche
D:11:     layout_basic, david_orc_2, uniq_grum
Temple:   compressed_dpeg_triangle_lava_temple

Notes
Turn   | Place    | Note
-------+----------+-------------------------------------------
     0 | D:1      | sanka the Mummy Arcane Marksman began the quest for the
                  | Orb.
     0 | D:1      | Reached XP level 1. HP: 15/15 MP: 2/2
   221 | D:1      | Reached skill level 2 in Crossbows
   537 | D:1      | Reached XP level 2. HP: 6/21 MP: 4/4
  1123 | D:2      | Reached skill level 2 in Fighting
  1198 | D:2      | Reached XP level 3. HP: 28/28 MP: 5/5
  1680 | D:2      | Reached skill level 3 in Fighting
  2503 | D:3      | Found a hide-covered altar of Uskayaw.
  2532 | D:3      | Reached XP level 4. HP: 36/36 MP: 6/6
  2877 | D:3      | Reached skill level 4 in Fighting
  2969 | D:3      | Identified the +0 helmet of Udosm {Harm Str+5 Int+2}
  2969 | D:3      | Noticed Robin
  2982 | D:3      | Killed Robin
  3060 | D:3      | Reached XP level 5. HP: 43/43 MP: 7/7
  3923 | D:4      | Reached skill level 5 in Fighting
  4139 | D:4      | Found Boew's Book Emporium.
  4218 | D:4      | Found a staircase to the Ecumenical Temple.
  4242 | D:4      | Reached skill level 6 in Fighting
  4242 | D:4      | Reached XP level 6. HP: 43/52 MP: 8/8
  4462 | D:4      | Noticed an ice beast
  4481 | D:4      | Killed an ice beast
  4745 | Temple   | Entered the Ecumenical Temple
  5043 | Temple   | Became a worshipper of Gozag Ym Sagoz the Greedy
  5089 | D:4      | Found Tyegusche's Assorted Antiques.
  5095 | D:4      | HP: 3/53 [ogre/+0 giant spiked club (26)]
  5759 | D:4      | Bought a short copper wand for 80 gold pieces
  5759 | D:4      | Bought a gold wand for 80 gold pieces
  5778 | D:4      | Reached skill level 7 in Fighting
  5802 | D:4      | Reached XP level 7. HP: 43/60 MP: 9/9
  6030 | D:4      | Found Fohao's Magic Scroll Boutique.
  6038 | D:4      | Bought a scroll of blinking for 75 gold pieces
  6115 | D:4      | Reached skill level 8 in Fighting
  6663 | D:4      | Bought a scroll of teleportation for 30 gold pieces
  6681 | D:5      | Entered Level 5 of the Dungeon
  7455 | D:4      | Bought a scroll of fear for 35 gold pieces
  7455 | D:4      | Bought a scroll of identify for 20 gold pieces
  7914 | D:4      | Reached skill level 9 in Fighting
  7990 | D:5      | Reached XP level 8. HP: 65/71 MP: 10/10
  8236 | D:5      | Noticed Duvessa
  8239 | D:5      | Noticed Dowan
  8268 | D:5      | Killed Duvessa
  8269 | D:5      | Reached skill level 1 in Armour
  8296 | D:5      | Killed Dowan
  8458 | D:5      | Reached skill level 2 in Armour
  8496 | D:5      | Reached skill level 10 in Fighting
  8737 | D:5      | Found an ancient bone altar of Kikubaaqudgha.
  8959 | D:5      | Found a glowing golden altar of the Shining One.
  8985 | D:5      | Found Rueluc's Weapon Emporium.
  9501 | D:5      | Bought a +2 great sword of electrocution for 310 gold
                  | pieces
  9517 | D:6      | Reached skill level 1 in Long Blades
  9567 | D:6      | Reached skill level 2 in Long Blades
  9657 | D:6      | Found Gaakhl Lofum's Gadget Boutique.
  9964 | D:6      | Reached skill level 3 in Long Blades
  9973 | D:6      | Got an ancient leather armour
  9984 | D:6      | Identified the +2 leather armour of Precision Catastrophes
                  | {Str+3 Int+2 Dex+3} (You found it on level 6 of the
                  | Dungeon)
 10077 | D:6      | Reached XP level 9. HP: 68/78 MP: 11/11
 10365 | D:6      | Found a shimmering altar of Xom.
 10713 | D:7      | Reached skill level 4 in Long Blades
 10924 | D:7      | Reached skill level 5 in Long Blades
 11066 | D:7      | Found a basalt altar of Yredelemnul.
 11228 | D:7      | Found a white marble altar of Elyvilon.
 11447 | D:7      | Found a white marble altar of Elyvilon.
 11523 | D:8      | Reached skill level 6 in Long Blades
 11646 | D:8      | Found a sand-covered staircase.
 11651 | Ossuary  | Entered an ossuary
 11876 | D:8      | Reached skill level 7 in Long Blades
 11949 | D:8      | Noticed a komodo dragon
 12050 | D:8      | Found a bloodstained altar of Trog.
 12053 | D:8      | Found a shimmering blue altar of Sif Muna.
 12056 | D:8      | Found a snail-covered altar of Cheibriados.
 12302 | D:8      | Found a hazy altar of Hepliaklqana.
 12302 | D:8      | Found an ornate altar of the Wu Jian Council.
 12618 | D:5      | Bought the +7 hand crossbow "Voahoo" {elec, *Drain rElec
                  | rF++ Stlth+} for 796 gold pieces
 12685 | D:8      | Killed a komodo dragon
 12699 | D:8      | Found a staircase to the Lair.
 12738 | D:9      | Reached XP level 10. HP: 66/71 MP: 12/12
 12739 | D:9      | Reached skill level 8 in Long Blades
 12837 | D:9      | Identified a +2 robe of the Archmagi
 12837 | D:9      | Noticed Psyche
 12840 | D:9      | Killed Psyche
 12980 | D:9      | Found a sacrificial altar of Ru.
 12983 | D:9      | Got an ancient spear
 12984 | D:9      | Identified the cursed +2 spear "Arcanum" {flame, *Slow
                  | rElec rF- Str+10} (You found it on level 9 of the Dungeon)
 13010 | D:9      | Noticed a manticore
 13025 | D:9      | Killed a manticore
 13280 | D:9      | Noticed a two-headed ogre
 13287 | D:9      | Killed a two-headed ogre
 13288 | D:9      | Reached skill level 9 in Long Blades
 13735 | D:9      | Found a burning altar of Makhleb.
 13847 | D:9      | Noticed a two-headed ogre
 13849 | D:9      | Noticed a manticore
 14031 | D:11     | Reached skill level 10 in Long Blades
 14343 | D:11     | Found a staircase to the Orcish Mines.
 14372 | D:11     | Noticed a manticore
 14380 | D:11     | Mangled by a manticore

Vanquished Creatures
  A two-headed ogre (D:9)
  A manticore (D:9)
  Psyche (D:9)
  A komodo dragon (D:8)
  A troll (D:9)
  A vampire (D:11)
  A water moccasin (D:8)
  Duvessa (D:5)
  3 ice beasts
  2 sky beasts
  3 black bears
  An ogre (D:4)
  A phantom (D:4)
  9 centaurs
  2 big kobolds (D:9)
  5 bullfrogs
  A gnoll sergeant (D:5)
  Dowan (D:5)
  3 water moccasin zombies (Ossuary)
  3 scorpions
  4 killer bees (D:9)
  3 wights
  2 howler monkeys
  3 bullfrog zombies
  6 hounds
  A jelly (D:11)
  A quasit (D:9)
  A centaur skeleton (D:5)
  2 orc priests
  4 bullfrog skeletons
  5 orc wizards
  7 iguanas
  6 worker ants
  2 killer bee zombies
  A big kobold zombie (Ossuary)
  A hound zombie (D:6)
  2 hound skeletons
  2 mummies (Ossuary)
  A worker ant zombie (D:7)
  Robin (D:3)
  9 gnolls
  9 adders
  5 shadow imps
  5 white imps
  2 ufetubi
  An ooze (D:7)
  4 adder zombies
  2 adder skeletons
  6 worms
  A dart slug (D:4)
  3 leopard geckos
  43 orcs
  4 giant cockroaches
  5 gnoll zombies (Ossuary)
  20 goblins
  3 hobgoblins
  5 jackals
  4 quokkas
  A ball python (D:4)
  6 bats
  5 frilled lizards
  A hobgoblin zombie (Ossuary)
  A jackal skeleton (D:8)
  8 kobolds
  3 kobold zombies (Ossuary)
  7 orc zombies (Ossuary)
  A quokka skeleton (D:5)
  8 rats
269 creatures vanquished.

Vanquished Creatures (others)
  33 plants (D:8)
33 creatures vanquished.

Grand Total: 302 creatures vanquished

Table legend: (Time is in decaauts)
 A = Elapsed time spent in this place.
 B = Non-inter-level travel time spent in this place.
 C = Inter-level travel time spent in this place.
 D = Time resting spent in this place.
 E = Time spent auto-exploring this place.
 F = Levels seen in this place.
 G = Mean time per level.
                   A        B        C        D        E       F      G
               +--------+--------+--------+--------+--------+-----+--------+
         Total |  14550 |  13754 |    796 |   4674 |   6297 |  12 | 1212.5 |
       Dungeon |  14011 |  13234 |    777 |   4674 |   5898 |  10 | 1401.1 |
        Temple |    308 |    289 |     19 |      0 |    287 |   1 |  308.0 |
       Ossuary |    230 |    230 |      0 |      0 |    112 |   1 |  230.0 |
               +--------+--------+--------+--------+--------+-----+--------+

Top non-repeatable levels by time:
     D:4: 3495 daAuts
     D:3: 1755 daAuts
     D:5: 1588 daAuts
     D:6: 1331 daAuts
     D:2: 1326 daAuts
     D:9: 1272 daAuts
     D:1: 1017 daAuts
     D:7: 921 daAuts
     D:8: 917 daAuts
    D:11: 385 daAuts
  Temple: 308 daAuts
 Ossuary: 230 daAuts
